 Dungeon Crawl Stone Soup version 0.29-a0-330-g52719c12eb (webtiles) character file.

Game seed: 17296585918455278679

109 Aelig the Vexing (level 5, -2/28 HPs)
             Began as a Kobold Enchanter on Apr 29, 2022.
             Slain by a black bear (4 damage)
             ... on level 2 of the Dungeon.
             The game lasted 00:04:00 (2320 turns).

Aelig the Vexing (Kobold Enchanter)                 Turns: 2320, Time: 00:04:00

Health: -2/28      AC:  2    Str:  5    XL:     5   Next: 13%
Magic:  1/8        EV: 15    Int: 18    God:
Gold:   76         SH:  0    Dex: 16    Spells: 3/8 levels left

rFire   . . .      SeeInvis .   a - +1 dagger
rCold   . . .      Faith    .   (no shield)
rNeg    . . .      Spirit   .   b - +0 robe
rPois   .          Reflect  .   (no helmet)
rElec   .          Harm     .   (no cloak)
rCorr   .          Rampage  .   (no gloves)
Will    .....                   (no boots)
Stlth   ++++......              (no amulet)
HPRegen 0.09/turn               (no ring)
MPRegen 0.11/turn               (no ring)

@: no status effects
A: small, no large weapons, nightstalker 3
a: no special abilities


You were on level 2 of the Dungeon.
You visited 1 branch of the dungeon, and saw 3 of its levels.

You collected 76 gold pieces.

Inventory:

Hand Weapons
 a - a +1 dagger (weapon)
Missiles
 i - 32 stones (quivered)
Armour
 b - a +0 robe (worn)
Scrolls
 e - a scroll of teleportation {unknown}
 g - a scroll of magic mapping {unknown}
 h - 2 scrolls of identify {unknown}
 j - a scroll of fear {unknown}
Potions
 c - a potion of invisibility
 d - a potion of attraction {unknown}
 f - a potion of resistance {unknown}
 k - a potion of brilliance {unknown}
 l - 2 potions of curing {unknown}
 m - 2 potions of heal wounds {unknown}


   Skills:
 + Level 1.3 Short Blades
 - Level 2.4 Dodging
 + Level 4.0 Stealth
 - Level 2.1 Spellcasting
 + Level 4.5 Hexes
 + Level 2.6 Ice Magic


You had 3 spell levels left.
You knew the following spells:

 Your Spells              Type           Power      Damage    Failure   Level
a - Ensorcelled Hibernat  Hex/Ice        28%        N/A       6%          2
b - Confusing Touch       Hex            18%        N/A       9%          3

Your spell library contained the following spells:

 Spells                   Type           Power      Damage    Failure   Level
 Tukima's Dance           Hex            18%        N/A       9%          3
 Dazzling Flash           Conj/Hex       20%        N/A       22%         3
 Inner Flame              Hex/Fire       10%        N/A       22%         3
 Gell's Gravitas          Tloc           1%         N/A       47%         3
 Lesser Beckoning         Tloc           1%         N/A       47%         3
 Teleport Other           Tloc           1%         N/A       47%         3
 Cause Fear               Hex            9%         N/A       26%         4
 Summon Ice Beast         Ice/Summ       6%         N/A       71%         4
 Summon Mana Viper        Hex/Summ       10%        N/A       89%         5
 Monstrous Menagerie      Summ           0%         N/A       100%        7
 Discord                  Hex            9%         N/A       100%        8


Dungeon Overview and Level Annotations

Branches:
Dungeon (3/15)

Altars:


Innate Abilities, Weirdness & Mutations

You are small and have problems with some larger weapons.
You are completely attuned to the shadows.


Message History

You kill the kobold!
You climb upwards.
There is a stone staircase leading down here.
Found a whip.
You see here a +0 whip.
Casting: Ensorcelled Hibernation (safe; 6% risk of failure)
Confirm with . or Enter, or press ? or * to list all spells.
Aiming: Ensorcelled Hibernation (safe; 6% risk of failure)
Press: ? - help, Shift-Dir - straight line, f - black bear
Aim: a black bear (wandering, hasn't noticed you, chance to affect: 48%)
The black bear resists with some effort.
Casting: Ensorcelled Hibernation (safe; 6% risk of failure)
Confirm with . or Enter, or press ? or * to list all spells.
Aiming: Ensorcelled Hibernation (safe; 6% risk of failure)
Press: ? - help, Shift-Dir - straight line, f/p - black bear
Aim: a black bear (chance to affect: 48%)
The black bear looks drowsy...
The helpless black bear fails to defend itself.
You puncture the black bear!
The black bear is heavily wounded.
The black bear bites you!
The black bear completely misses you. x2
Casting: Ensorcelled Hibernation (safe; 6% risk of failure)
Confirm with . or Enter, or press ? or * to list all spells.
The spell is quite dangerous to miscast (9% risk of failure)!
Continue anyway?
Your hands begin to glow red.
The black bear bites you. The black bear completely misses you.
The black bear barely misses you.
You hit the black bear but do no damage.
The black bear is heavily wounded.
The black bear bites you. The black bear barely misses you.
The black bear claws you.
You hit the black bear but do no damage.
The black bear is heavily wounded.
The black bear bites you!
* * * LOW HITPOINT WARNING * * *
The black bear barely misses you. x2
You hit the black bear but do no damage.
The black bear appears confused.
The black bear is heavily wounded.
The black bear misses you. The black bear claws you.
You die...

##############
#...)........#
#.##########.#
#.# #.#####. #.#
#..@h... #.#
#######. #.#
#.############
###.........>..#
.....#########.#
###.## #.# #.#
###.#### #.#
#....... .#


You could see a black bear (confused).

Vanquished Creatures
  An iguana (D:2)
  4 gnolls (D:2)
  A worm (D:2)
  3 endoplasms
  A giant cockroach (D:1)
  A goblin (D:2)
  3 hobgoblins (D:2)
  5 kobolds
  2 quokkas (D:2)
  4 ball pythons
  A bat (D:1)
  2 frilled lizards (D:2)
  23 rats
51 creatures vanquished.

Notes
Turn   | Place    | Note
-------+----------+-------------------------------------------
     0 | D:1      | Aelig the Kobold Enchanter began the quest for the Orb.
     0 | D:1      | Reached XP level 1. HP: 10/10 MP: 3/3
   493 | D:1      | Reached XP level 2. HP: 15/15 MP: 5/5
   496 | D:1      | Learned a level 2 spell: Ensorcelled Hibernation
   579 | D:1      | Found a faded altar of an unknown god.
  1090 | D:2      | Reached skill level 1 in Ice Magic
  1100 | D:2      | Reached XP level 3. HP: 14/19 MP: 6/6
  1275 | D:2      | Reached XP level 4. HP: 24/24 MP: 7/7
  1589 | D:2      | Noticed a black bear
  1895 | D:2      | Learned a level 3 spell: Confusing Touch
  2227 | D:2      | Reached XP level 5. HP: 28/28 MP: 8/8
  2320 | D:2      | Slain by a black bear

Illustrated notes

Levels and vault maps discovered:
D:1:      sevenhm_arrival_forest_fort_large_2, layout_basic,
          ebering_ecumenical_altar_mist, kennysheep_crisscross
D:2:      layout_loops_ring, minmay_rat_hole
D:3:      layout_basic, nicolae_ru_great_annihilating_truth,
          nicolae_grassy_gnolls

Skill      XL: |  1  2  3  4 |
---------------+-------------+-----
Ice Magic      | 1 2 |  2.6
Hexes          | 4 |  4.5
Short Blades   | |  1.3
Dodging        | |  2.4
Stealth        | |  4.0
Spellcasting   | |  2.1

Action                   |  1- 3 |  4- 6 || total
-------------------------+-------+-------++-------
Melee: Dagger            |    68 |    34 ||   102
 Cast: Ensorcelled Hiber |       |    14 ||    14
       Confusing Touch   |       |     1 ||     1
  Use: Potion            |       |     1 ||     1
 Stab: Sleeping          |    16 |    15 ||    31
       Distracted        |       |     1 ||     1
Armor: Robe              |     9 |     8 ||    17
Dodge: Dodged            |    33 |    38 ||    71

Table legend: (Time is in decaauts)
 A = Elapsed time spent in this place.
 B = Non-inter-level travel time spent in this place.
 C = Inter-level travel time spent in this place.
 D = Time resting spent in this place.
 E = Time spent auto-exploring this place.
 F = Levels seen in this place.
 G = Mean time per level.
                   A        B        C        D        E       F      G
               +--------+--------+--------+--------+--------+-----+--------+
         Total |   2315 |   2228 |     87 |    850 |    955 |   3 |  771.7 |
       Dungeon |   2315 |   2228 |     87 |    850 |    955 |   3 |  771.7 |
               +--------+--------+--------+--------+--------+-----+--------+

Top non-repeatable levels by time:
     D:1: 1347 daAuts
     D:2: 964 daAuts
     D:3: 2 daAuts
